 Dungeon Crawl Stone Soup version 0.30.1 (webtiles) character file.

Game seed: 2940393367536104428

8327 spardeous the Nimble (level 11, -1/40 HPs)
             Began as a Felid Earth Elementalist on July 13, 2023.
             Was an Initiate of Gozag.
             Slain by an orc warrior
             ... wielding a +0 antimagic long sword
              (2 damage)
             ... on level 2 of the Orcish Mines on July 14, 2023.
             The game lasted 00:32:53 (14839 turns).

spardeous the Nimble (Felid Earth Elementalist)    Turns: 14839, Time: 00:32:55

Health: -1/40      AC:  4    Str: 10    XL:     11   Next: 8%
Magic:  19/24      EV: 24    Int: 22    God:    Gozag
Gold:   1499       SH:  0    Dex: 16    Spells: 9/27 levels left
                                        Lives:  0   Deaths: 3

rFire   . . .        (weapon unavailable)
rCold   . . .        (shield unavailable)
rNeg    . . .        (body armour unavailable)
rPois   .            (helmet unavailable)
rElec   .            (cloak unavailable)
rCorr   +            (gloves unavailable)
SInv    +            (boots unavailable)
Will    +....        (no amulet)
Stlth   ++           w - ring of resist corrosion
HPRegen 0.26/turn    B - +6 ring of strength
MPRegen 0.19/turn

%: no passive effects
@: gold aura, invisible, quick
A: very small, claws 1, fangs 3, see invisible, speed 1, shaggy fur 2, stealthy
paws, no weapons or thrown items, no armour, multi-lived, iridescent scales 1,
screaming 1
a: Renounce Religion, Potion Petition, Call Merchant, Bribe Branch


You were on level 2 of the Orcish Mines.
You worshipped Gozag.
Gozag was most pleased with you.
You visited 3 branches of the dungeon, and saw 13 of its levels.
You also visited: Bailey.

You collected 3689 gold pieces.
You spent 484 gold pieces at shops.
You paid 1706 gold pieces to Gozag.

Inventory:

Jewellery
 g - a ring of ice
 w - a ring of resist corrosion (left paw)
 z - a ring of ice
 A - a ring of protection from fire
 B - a +6 ring of strength (right paw)
Wands
 i - a wand of paralysis (3)
 o - a wand of light (14)
 E - a wand of flame (5)
Scrolls
 b - a scroll of enchant armour
 c - 3 scrolls of teleportation
 f - a scroll of fear
 l - 4 scrolls of amnesia
 p - 2 scrolls of poison
 s - a scroll of silence
 u - 2 scrolls of identify
 v - 4 scrolls of blinking
 x - a scroll of noise
Potions
 a - a potion of attraction
 d - 2 potions of berserk rage
 e - a potion of curing
 h - a potion of lignification
 k - 5 potions of flight
 m - 3 potions of heal wounds {unknown}
 n - 4 potions of degeneration
 q - 2 potions of haste {unknown}
 r - a potion of cancellation


   Skills:
 - Level 11.0 Dodging
 - Level 2.6 Stealth
 + Level 8.7 Spellcasting
 + Level 9.5 Conjurations
 + Level 7.0 Transmutations
 - Level 7.0 Earth Magic


You had 9 spell levels left.
You knew the following spells:

 Your Spells              Type           Power      Damage    Failure   Level
a - Sandblast             Erth           80%        2d17      1%          1
b - Stone Arrow           Conj/Erth      92%        3d12      1%          3
c - Petrify               Tmut/Erth      40%        N/A       3%          4
d - Irradiate             Conj/Tmut      23%        3d19      6%          5
e - Borgnjor's Vile Clut  Necr/Erth      12%        N/A       41%         5

Your spell library contained the following spells:

 Spells                   Type           Power      Damage    Failure   Level
 Shock                    Conj/Air       100%       1d9       1%          1
 Passwall                 Tmut/Erth      33%        N/A       1%          2
 Hailstorm                Conj/Ice       30%        3d8       3%          3
 Mephitic Cloud           Conj/Pois/Air  23%        N/A       5%          3
 Freeze                   Ice            36%        1d5       7%          1
 Summon Small Mammal      Summ           36%        N/A       7%          1
 Ignite Poison            Fire/Tmut/Pois 19%        N/A       8%          3
 Cigotuvi's Dreadful Rot  Necr/Pois/Air  18%        N/A       11%         2
 Poisonous Vapours        Pois/Air       18%        N/A       11%         2
 Sublimation of Blood     Necr           9%         N/A       11%         2
 Call Canine Familiar     Summ           9%         N/A       21%         3
 Frozen Ramparts          Ice            18%        1d3       21%         3
 Gell's Gravitas          Tloc           9%         N/A       21%         3
 Summon Guardian Golem    Hex/Summ       9%         N/A       21%         3
 Teleport Other           Tloc           9%         N/A       21%         3
 Alistair's Intoxication  Tmut/Pois      16%        N/A       41%         5
 Freezing Cloud           Conj/Ice/Air   11%        6-21      45%         5
 Airstrike                Air            4%         2d(1-17)  56%         4
 Eringya's Noxious Bog    Tmut/Pois      12%        N/A       94%         6
 Dispersal                Tloc           4%         N/A       100%        6
 Maxwell's Capacitive Co  Air            4%         ∞         100%        8


Dungeon Overview and Level Annotations

Branches:
Dungeon (10/15)            Temple (1/1) D:5             Orc (1/2) D:9
    Elf (0/3) Orc:2        Bailey (visited)
   Lair: D:8-11

Altars:
Ashenzari
Cheibriados
Dithmenos
Elyvilon
Fedhas
Gozag
Hepliaklqana
Kikubaaqudgha
Makhleb
Nemelex Xobeh
Okawaru
Qazlal
Ru
Sif Muna
Trog
Uskayaw
Vehumet
Wu Jian
Xom
Yredelemnul
Zin
The Shining One

Shops:
D:5 [   D:8 (   D:9 ::   D:10 !   Orc:1 *

Annotations:
D:8 2 transporters


Innate Abilities, Weirdness & Mutations

You have sharp claws.
You have razor-sharp teeth.
You have supernaturally acute eyesight. (SInv)
You cover ground quickly. (Speed+)
You are covered in thick fur. (AC +2)
Your paws help you pounce on unaware monsters.
You are incapable of wielding weapons or throwing items.
You cannot wear armour.
You gain extra lives every three experience levels.
You are partially covered in iridescent scales. (AC +2)
You occasionally shout uncontrollably at your foes.


Message History

Found a staircase to the Elven Halls.
The warg howls!
The orc priest miscasts a cantrip.
The orc priest looks encouraged for a moment.
You feel better.
Casting: Sandblast (safe; 1% risk of failure)
Confirm with . or Enter, or press ? or * to list all spells.
Aiming: Sandblast (safe; 1% risk of failure)
Press: ? - help, Shift-Dir - straight line, f/p - orc priest
Aim: an orc priest, wielding a +0 falchion (severely wounded, 85% to hit)
The blast of sand hits the orc priest!!
You kill the orc priest!
The orc warrior hits you with a +0 antimagic long sword!
You feel your power leaking away.
The orc priest is distracted by your dazzling golden aura.
Unknown command.
Casting: Sandblast (safe; 1% risk of failure)
Confirm with . or Enter, or press ? or * to list all spells.
Aiming: Stone Arrow (safe; 1% risk of failure)
Press: ? - help, Shift-Dir - straight line, f - orc warrior
Aim: an orc warrior, wielding a +0 antimagic long sword and wearing a +0 plate armour (76% to hit)
Okay, then.
Casting: Stone Arrow (safe; 1% risk of failure)
Confirm with . or Enter, or press ? or * to list all spells.
Aiming: Stone Arrow (safe; 1% risk of failure)
Press: ? - help, Shift-Dir - straight line, f - orc priest
Aim: an orc priest, wielding a +2 hand axe of flaming (unaware, hasn't noticed you, 76% to hit)
The stone arrow hits the orc priest!
The orc priest is heavily wounded.
The orc priest is no longer distracted by gold.
The orc priest calls upon Beogh to heal the orc priest.
The orc priest is healed somewhat.
Okay, then.
You fade into invisibility!
The orc priest invokes the aid of Beogh against you.
Beogh smites you!
* * * LOW HITPOINT WARNING * * *
The orc warrior hits you with a +0 antimagic long sword.
You die...
Your body crumbles into a pile of gold.

## ########
##.##.#>...###
#.........o@.#.## #
#.......h.o....#
#.##.............#
.........o.......#
.##............##
#....##$...#..#
###.....#........#
##.##.............#
##................##


You could see a warg, an orc warrior (unable to see you) and 2 orc priests.

Vanquished Creatures
  Fannar (Orc:1)
  A two-headed ogre (D:8)
  An orc knight (Bailey)
  A cyclops (D:10)
  Maurice (Orc:1)
  An unseen horror (D:10)
  An efreet (D:10)
  5 trolls
  2 hornets
  4 slime creatures (D:8)
  A vampire (D:10)
  3 shadows (D:10)
  A wyvern (D:9)
  8 yaks (D:9)
  A warg (Orc:1)
  Duvessa (D:6)
  7 orc warriors
  2 sky beasts
  2 ice beasts (D:6)
  3 black bears
  8 ogres
  5 centaurs
  2 kobold brigands (D:10)
  A phantom (D:7)
  2 gnoll sergeants
  3 bullfrogs
  10 wights
  Dowan (D:6)
  8 killer bees
  3 howler monkeys
  A jelly (D:7)
  3 orc priests
  4 hounds
  2 sleepcaps
  3 iguanas
  10 orc wizards
  Robin (D:2)
  8 adders
  13 gnolls
  3 white imps (D:7)
  An ufetubus (D:5)
  A worm (D:5)
  5 dart slugs
  36 orcs
  7 ball pythons
  2 bats
  8 endoplasms
  4 giant cockroaches
  18 goblins
  7 hobgoblins
  8 jackals
  28 kobolds
  A quokka (D:3)
  3 frilled lizards
  6 rats
  A spectral goblin (D:3)
274 creatures vanquished.

Notes
Turn   | Place    | Note
-------+----------+-------------------------------------------
     0 | D:1      | spardeous the Felid Earth Elementalist began the quest for
                  | the Orb.
     0 | D:1      | Reached XP level 1. HP: 7/7 MP: 4/4
   112 | D:2      | Noticed Robin
   171 | D:3      | Reached XP level 2. HP: 11/11 MP: 4/6
   316 | D:3      | Found a hazy altar of Hepliaklqana.
   561 | D:3      | Reached XP level 3. HP: 14/14 MP: 5/7
   715 | D:4      | Reached XP level 4. HP: 10/18 MP: 4/8
   786 | D:4      | Reached skill level 5 in Earth Magic
   838 | D:4      | Got the Precepts of the Postmodern Servitors
  1233 | D:5      | Entered Level 5 of the Dungeon
  1238 | D:5      | Reached XP level 5. HP: 21/21 MP: 5/9
  1275 | D:5      | Found Zicek's Armour Boutique.
  1392 | D:5      | Noticed an ogre
  1556 | D:5      | Killed an ogre
  1557 | D:5      | Gained mutation: You are covered in thick fur. (AC +2)
                  | [Felid growth]
  1557 | D:5      | Reached XP level 6. HP: 24/24 MP: 7/10
  1921 | D:5      | Found a staircase to the Ecumenical Temple.
  1930 | Temple   | Entered the Ecumenical Temple
  1930 | Temple   | Found a transporter.
  1930 | Temple   | Found a transporter.
  1936 | Temple   | Found a transporter.
  1936 | Temple   | Found a transporter.
  1950 | Temple   | Became a worshipper of Gozag Ym Sagoz the Greedy
  2942 | D:3      | Found a faded altar of an unknown god.
  3124 | D:2      | Found a basalt altar of Yredelemnul.
  3127 | D:2      | Killed Robin
  3417 | D:2      | Reached skill level 3 in Dodging
  4560 | D:6      | Noticed Duvessa
  4560 | D:6      | Found a white marble altar of Elyvilon.
  4580 | D:5      | Reached XP level 7. HP: 26/27 MP: 6/11
  4761 | D:6      | Reached skill level 5 in Dodging
  4771 | D:6      | Learned a level 3 spell: Stone Arrow
  5017 | D:6      | Found a shimmering altar of Xom.
  5020 | D:6      | Reached skill level 6 in Dodging
  5194 | D:6      | Reached skill level 7 in Dodging
  5252 | D:6      | Reached skill level 1 in Conjurations
  5252 | D:6      | Reached XP level 8. HP: 31/31 MP: 8/12
  5281 | D:6      | Found an iron altar of Okawaru.
  5655 | D:6      | Noticed Dowan
  5683 | D:6      | Found a hide-covered altar of Uskayaw.
  6046 | D:7      | Noticed a troll
  6094 | D:7      | Slain by a troll
  6095 | D:7      | Reached XP level 7. HP: -2/27 MP: 0/11
  6520 | D:7      | Reached skill level 5 in Conjurations
  6698 | D:7      | Reached XP level 8. HP: 27/31 MP: 1/12
  6973 | D:7      | Killed a troll
  7450 | D:6      | Killed Duvessa
  7561 | D:6      | Killed Dowan
  7746 | D:8      | Found a flagged portal.
  7829 | D:8      | Shot with an arrow by a centaur
  7830 | D:8      | Reached XP level 7. HP: 0/27 MP: 9/11
  7853 | D:8      | Found a transporter.
  7867 | Bailey   | Entered a bailey
  7914 | Bailey   | Noticed an orc knight
  8478 | Bailey   | Gained mutation: You are dopey. (Int -2) [potion of
                  | mutation]
  8478 | Bailey   | Lost mutation: You are dopey. (Int -2) [potion of mutation]
  8478 | Bailey   | Gained mutation: You occasionally shout uncontrollably at
                  | your foes. [potion of mutation]
  8478 | Bailey   | Gained mutation: You are partially covered in iridescent
                  | scales. (AC +2) [potion of mutation]
  8767 | Bailey   | Killed an orc knight
  8768 | Bailey   | Reached skill level 8 in Dodging
  8768 | Bailey   | Reached XP level 8. HP: 21/31 MP: 12/15
  8955 | Bailey   | Reached skill level 9 in Dodging
  9427 | D:8      | Noticed a slime creature
  9428 | D:8      | Noticed a slime creature
  9431 | D:8      | Noticed a slime creature
  9432 | D:8      | Noticed a slime creature
  9451 | D:8      | Killed a slime creature
  9487 | D:8      | Killed a slime creature
  9488 | D:8      | Reached skill level 5 in Spellcasting
  9488 | D:8      | Reached XP level 9. HP: 34/34 MP: 4/17
  9618 | D:8      | Reached skill level 10 in Dodging
  9941 | D:8      | Learned a level 4 spell: Petrify
  9987 | D:8      | Noticed a five-headed hydra
  9988 | D:8      | Noticed a centaur warrior
 10012 | D:8      | Noticed a two-headed ogre
 10041 | D:8      | Killed a two-headed ogre
 10051 | D:8      | Reached skill level 11 in Dodging
 10148 | D:8      | Found Uloonn's Antique Weapon Emporium.
 10150 | D:8      | Found a transporter.
 11041 | D:9      | Reached XP level 10. HP: 37/37 MP: 10/20
 11307 | D:9      | Found a staircase to the Orcish Mines.
 11525 | D:9      | Succumbed to a killer bee's poison
 11526 | D:9      | Reached XP level 9. HP: 0/34 MP: 3/20
 11723 | D:9      | Learned a level 5 spell: Irradiate
 12256 | D:10     | Entered Level 10 of the Dungeon
 12369 | D:10     | Reached skill level 5 in Transmutations
 12369 | D:10     | Reached XP level 10. HP: 6/37 MP: 1/22
 12969 | D:10     | Noticed a cyclops
 12986 | D:10     | Killed a cyclops
 13520 | D:10     | Found Zuaklamu's Distillery.
 13851 | D:9      | Bought the Volume of Cloudy Zombies for 484 gold pieces
 13857 | D:9      | Learned a level 5 spell: Borgnjor's Vile Clutch
 13864 | Orc:1    | Entered Level 1 of the Orcish Mines
 14216 | Orc:1    | Noticed Fannar
 14246 | Orc:1    | Found Widduppiwo's Mass Market.
 14277 | Orc:1    | Killed Fannar
 14427 | Orc:1    | Noticed Maurice
 14438 | Orc:1    | Killed Maurice
 14439 | Orc:1    | Reached XP level 11. HP: 40/40 MP: 12/24
 14819 | Orc:1    | You fall into a shaft and drop 1 floor!
 14819 | Orc:2    | Entered Level 2 of the Orcish Mines
 14829 | Orc:2    | Found a staircase to the Elven Halls.
 14839 | Orc:2    | HP: 1/40 [orc priest/divine providence (14)]
 14839 | Orc:2    | Slain by an orc warrior

Illustrated notes

Levels and vault maps discovered:
D:1:      dpeg_arrival_houses_and_road, layout_basic
D:2:      layout_basic, basic_altar, uniq_robin
D:3:      layout_basic, nicolae_hepliaklqana_monster_ancestors,
          dilly_ecumenical_altar_fadedgnrine, dk_noncrumbling_3
D:4:      layout_rooms, serial_bayou_lagoon_b
D:5:      layout_basic, minmay_temple_entry_glassed_door, serial_shops,
          nicolae_shop_window_shopping, nicolae_figureground_pulse
D:6:      layout_cave_pools, nicolae_uskayaw_dance_hall,
          mainiacjoe_overflow_surrounded_room, hangedman_feature_mirror,
          uniq_duvessa
D:7:      layout_loops_ring, kennysheep_cluttered_room,
          corexii_item_surrounded_by_moat, st_stairs_3
D:8:      gammafunk_the_bubble [the_bubble_gammafunk_split], layout_rooms,
          enter_bailey_5, serial_shops, shop
D:9:      layout_roguey, david_orc_2
D:10:     layout_basic, serial_shops, nicolae_shop_tiny_glass,
          nrook_mini_vaults, minmay_quadrilaterals
Temple:   hellmonk_temple_divided_pantheon
Orc:1:    layout_diamond_mine, minmay_shop_mass, uniq_maurice, uniq_fannar
Orc:2:    st_orc_town, layout_caves, serial_shops,
          nicolae_shop_advertising_works [nicolae_subvault_shop_adworks]

Skill      XL: |  1  2  3  4  5  6  7  8  9 10 11 |
---------------+----------------------------------+-----
Earth Magic    | 3 4 5 6 7 |  7.0
Dodging        | 3 8 9 11 | 11.0
Conjurations   | 5 7 8 9 |  9.5
Spellcasting   | 4 5 7 8 |  8.7
Transmutations | 5 6 7 |  7.0
Stealth        | |  2.6

Action                     |  1- 3 |  4- 6 |  7- 9 | 10-12 || total
---------------------------+-------+-------+-------+-------++-------
  Melee: Unarmed           |     3 |       |    14 |     5 ||    22
         Bite              |     2 |       |       |       ||     2
   Cast: Sandblast         |    45 |   115 |   198 |    52 ||   410
         Stone Arrow       |       |       |   115 |    73 ||   188
 Invoke: Call Merchant     |       |       |       |     2 ||     2
  Evoke: Wand              |       |       |    23 |    11 ||    34
    Use: Scroll            |       |       |    18 |     2 ||    20
         Potion            |       |       |     2 |     5 ||     7
 Armour: Skin              |     3 |     3 |    17 |     4 ||    27
  Dodge: Dodged            |    41 |    32 |   176 |    85 ||   334
